 Dungeon Crawl Stone Soup version 0.28.0-43-g3370ac3207 (webtiles) character file.

Game seed: 7147475588284794063

101 gzilladon the Chopper (level 4, -2/40 HPs)
             Began as a Hill Orc Monk on Mar 25, 2022.
             Slain by a gnoll
             ... wielding a +0 club
              (5 damage)
             ... on level 4 of the Dungeon on Mar 28, 2022.
             The game lasted 00:12:06 (3165 turns).

gzilladon the Chopper (Hill Orc Monk)               Turns: 3165, Time: 00:12:07

Health: -2/40      AC:  8    Str: 13 (15) XL:     4   Next: 75%
Magic:  4/4        EV:  6    Int:  9 (10) God:
Gold:   71         SH:  0    Dex: 11 (13) Spells: 3/3 levels left

rFire   . . .      SeeInvis .   a - +0 hand axe
rCold   . . .      Faith    .   (no shield)
rNeg    . . .      Spirit   .   q - +0 chain mail
rPois   .          Reflect  .   (no helmet)
rElec   .          Harm     .   (no cloak)
rCorr   .          Rampage  .   (no gloves)
Will    .....                   (no boots)
Stlth   ..........              (no amulet)
HPRegen 0.13/turn               (no ring)
MPRegen 0.09/turn               (no ring)

@: no status effects
A: no striking features
a: no special abilities


You were on level 4 of the Dungeon.
You visited 1 branch of the dungeon, and saw 4 of its levels.

You collected 71 gold pieces.

Inventory:

Hand Weapons
 a - a +0 hand axe (weapon)
 c - a +0 dagger
Missiles
 l - 18 bolts
 n - 20 arrows
 o - 10 stones (quivered)
 p - 3 poisoned darts
 t - a throwing net
Armour
 b - a +0 robe
 g - a +0 scale mail
 q - a +0 chain mail (worn)
Magical Staves
 d - a staff of fire
Jewellery
 m - an amulet of guardian spirit
Scrolls
 e - a scroll of torment {unknown}
 f - a scroll of immolation {unknown}
 h - a scroll of blinking {unknown}
 i - 2 scrolls of identify {unknown}
 j - 4 scrolls of teleportation {unknown}
 r - a scroll of enchant weapon {unknown}
 s - a scroll of fog {unknown}
Potions
 k - a potion of degeneration


   Skills:
 + Level 4.0 Fighting
 * Level 6.0 Axes
 * Level 1.1 Armour
 + Level 2.9 Dodging
 + Level 1.6 Stealth


You had 3 spell levels left.
You didn't know any spells.
Your spell library was empty.

Dungeon Overview and Level Annotations

Branches:
Dungeon (4/15)
 Temple: D:4-7

Altars:

Shops:
D:1 *


Message History

The gnoll is moderately wounded.
You closely miss the hound. You hit the kobold.
You kill the kobold!
You feel sick. The gnoll hits you but does no damage.
The hound bites you but does no damage.
You closely miss the gnoll.
The gnoll is moderately wounded.
You hit the hound but do no damage. You miss the adder.
You feel sick. The hound bites you. The adder barely misses you.
The gnoll hits you with a +0 club. The hound bites you but does no damage.
The adder bites you but does no damage.
You closely miss the gnoll.
The gnoll is moderately wounded.
You barely miss the adder. You hit the hound.
You feel sick. The gnoll hits you with a +0 club.
The hound bites you but does no damage. The adder completely misses you.
You hit the gnoll but do no damage.
The gnoll is moderately wounded.
You hit the hound but do no damage. You barely miss the adder.
You feel sick.
You are no longer poisoned.
The hound barely misses you. The gnoll hits you with a +0 club.
* * * LOW HITPOINT WARNING * * *
The adder bites you.
* * * LOW HITPOINT WARNING * * *
The hound bites you.
* * * LOW HITPOINT WARNING * * *
The howler monkey hoots and howls with incredible vigour!
You hear an angry hiss. x2; You hear a shout!
You hear a bark!
It was a potion of degeneration.
There was something very wrong with that liquid.
You feel weakened.
You feel dopey.
You feel clumsy. The adder bites you but does no damage.
The gnoll hits you with a +0 club.
* * * LOW HITPOINT WARNING * * *
The hound bites you but does no damage.
You hit the gnoll but do no damage. Your punch misses the gnoll.
The gnoll is moderately wounded.
You hit the hound but do no damage. You hit the adder.
You closely miss the howler monkey. The hound barely misses you.
The adder completely misses you. The gnoll hits you with a +0 club.
You die...

...... ....#
....# ...#
<..#### #
#.....# ...
#.....#
.....##hS...###
......g@.......
.....#.h..#...#
#.## ##.....###
#........
.........
#..#..#..
..##..### ###
...


You could see a howler monkey (catching breath), a hound, a gnoll and an adder.

Vanquished Creatures
  A hound (D:3)
  An adder (D:2)
  5 dart slugs
  8 bats
  3 endoplasms
  2 giant cockroaches
  3 goblins
  3 hobgoblins
  7 kobolds
  6 quokkas
  4 ball pythons
  3 frilled lizards
  8 rats
54 creatures vanquished.

Notes
Turn   | Place    | Note
-------+----------+-------------------------------------------
     0 | D:1      | gzilladon the Hill Orc Monk began the quest for the Orb.
     0 | D:1      | Reached XP level 1. HP: 19/19 MP: 1/1
   287 | D:1      | Found Ihalleb's General Store.
   328 | D:1      | Reached XP level 2. HP: 5/27 MP: 2/2
  1103 | D:1      | Reached XP level 3. HP: 30/33 MP: 3/3
  1633 | D:1      | Reached skill level 5 in Axes
  1854 | D:2      | HP: 1/33 [poisoned by an adder]
  2128 | D:2      | Found a faded altar of an unknown god.
  2521 | D:3      | Reached XP level 4. HP: 40/40 MP: 4/4
  2671 | D:3      | Reached skill level 1 in Armour
  2773 | D:3      | Noticed an orc warrior
  3081 | D:3      | Reached skill level 6 in Axes
  3165 | D:4      | Slain by a gnoll

Illustrated notes

Levels and vault maps discovered:
D:1:      wander_arrival_estate, layout_basic, serial_shops, shop
D:2:      layout_basic, basic_ecumenical_altar
D:3:      layout_basic, mainiacjoe_overflow_alcove_3, kennysheep_path_1,
          minmay_pentomino_pile
D:4:      layout_rooms, nicolae_overflow_crystal_walls,
          minmay_temple_entry_fiery, minivault_24

Skill      XL: |  1  2  3  4 |
---------------+-------------+-----
Axes           | 5 6 |  6.0
Fighting       | 4 |  4.0
Armour         | 1 |  1.1
Dodging        | |  2.9
Stealth        | |  1.6

Action                   |  1- 3 |  4- 6 || total
-------------------------+-------+-------++-------
Melee: Hand axe          |   133 |    67 ||   200
       Punch             |     2 |       ||     2
  Use: Potion            |     1 |     1 ||     2
 Stab: Sleeping          |     1 |       ||     1
Armor: Robe              |     6 |       ||     6
       Scale mail        |    29 |       ||    29
       Chain mail        |     3 |    77 ||    80
Dodge: Dodged            |   102 |    44 ||   146
